 Dungeon Crawl Stone Soup version bcrawl-1.27.6 (webtiles) character file.

Game seed: 14777047988608661073

324440 Faustar the Thaumaturge (level 10, -1/52 HPs)
             Began as an Avariel Air Elementalist on Sept 30, 2020.
             Was a Priest of Sif Muna.
             Slain by a worker ant (2 damage)
             ... on level 8 of the Dungeon on Oct 1, 2020.
             The game lasted 00:25:28 (6997 turns).

Faustar the Thaumaturge (Avariel Air Elementalist)  Turns: 6997, Time: 00:25:28

Health: -1/52      AC:  5    Str:  6    XL:     10   Next: 29%
Magic:  1/29       EV: 13    Int: 25    God:    Sif Muna [***...]
Gold:   382        SH:  0    Dex: 13    Spells: 13/35 levels left

rFire    . . .     SeeInvis .   q - staff of wizardry
rCold    + . .     Gourm    .   (no shield)
rNeg     . . .     Faith    .   a - +0 robe
rPois    .         Spirit   .   C - +0 helmet
rElec    .         Reflect  .   (no cloak)
rCorr    .         Harm     .   k - +1 pair of gloves
MR       ++...                  (no boots)
Stlth    ++........             p - amulet of magic regeneration
HPRegen  0.17/turn              o - ring of protection from magic
MPRegen  0.46/turn              l - ring of protection from cold

@: lethally poisoned (-1 -> -4), divine energy
A: able to fly
a: Fly, Stop Divine Energy, Channel Magic, Renounce Religion


You were on level 8 of the Dungeon.
You worshipped Sif Muna.
Sif Muna was most pleased with you.
You were near starving.

You visited 2 branches of the dungeon, and saw 9 of its levels.
You also visited: Sewer.

You collected 382 gold pieces.

Inventory:

Hand Weapons
 u - a +1 dagger of protection
Missiles
 D - 2 throwing nets {=f}
Armour
 a - a +0 robe (worn)
 k - a +1 pair of gloves (worn)
 C - a +0 helmet (worn)
Magical Staves
 q - an uncursed staff of wizardry (weapon)
Jewellery
 i - an uncursed ring of positive energy
 l - a ring of protection from cold (right hand)
 o - a ring of protection from magic (left hand)
 p - an amulet of magic regeneration (around neck)
 F - a +3 ring of protection
Wands
 d - a wand of flame (31)
 E - a wand of paralysis (10)
Scrolls
 g - 13 scrolls of identify
 j - 3 scrolls of teleportation
 n - 2 scrolls of fear
 r - a scroll of blinking
 x - a scroll of fog
 y - 5 scrolls of remove curse
Potions
 b - 8 potions of curing {unknown}
 c - 4 potions of flight
 f - a potion of lignification {unknown}
 h - 3 potions of might {unknown}
 m - a potion of mutation {unknown}
 s - a potion of ambrosia {unknown}
 t - a potion of haste {unknown}
 v - a potion of degeneration {unknown}
 w - a potion of magic {unknown}
 z - a potion of brilliance {unknown}
 A - 2 potions of heal wounds {unknown}
 B - a potion of agility {unknown}
Comestibles
 e - 11 rations {!d}


   Skills:
 * Level 1.5 Fighting
 * Level 2.9 Dodging
 - Level 2.1 Stealth
 - Level 0.1 Unarmed Combat
 - Level 13.4 Spellcasting
 - Level 3.0 Conjurations
 - Level 11.3 Air Magic


You had 13 spell levels left.
You knew the following spells:

 Your Spells              Type           Power        Failure   Level  Hunger
a - Shock                 Conj/Air       #####        1%          1    None
b - Airstrike             Air            ######....   1%          4    None
c - Lightning Bolt        Conj/Air       ######....   1%          5    #......
d - Conjure Flame         Conj/Fire      ###.....     2%          3    None
e - Conjure Ball Lightni  Conj/Air       ######....   11%         6    ####...
f - Confuse               Hex            ###.....     4%          3    None

Your spell library contained the following spells:

 Spells                   Type           Power        Failure   Level  Hunger
 Flame Tongue             Conj/Fire      ###..        1%          1    None
 Swiftness                Chrm/Air       #####...     1%          2    None
 Static Discharge         Air            ######..     1%          3    None
 Flaming Arrows           Chrm/Fire      ###.....     2%          2    None
 Dazzling Orbs            Conj/Hex       ###....      2%          3    None
 Stone Arrow              Conj/Erth      ###...       2%          3    None
 Ignite Poison            Fire/Tmut/Pois ###.....     4%          3    None
 Inner Flame              Hex/Fire       N/A          4%          3    None
 Silence                  Hex/Air        #####.....   4%          5    #......
 Sticky Flame             Conj/Fire      ###.....     8%          4    None
 Petrify                  Tmut/Erth      ###.......   14%         4    None
 Yara's Violent Unravell  Hex/Tmut       ###.......   14%         4    None
 Fireball                 Conj/Fire      ###.......   21%         5    #......
 Metabolic Englaciation   Hex/Ice        ###.......   34%         5    #......
 Poison Arrow             Conj/Pois      ###.......   71%         6    ####...
 Statue Form              Tmut/Erth      ###......    88%         6    ####...
 Orb of Destruction       Conj           ####......   96%         7    #####..
 Mana Rupture             Conj/Hex       ###.......   99%         7    #####..
 Spellforged Servitor     Conj/Summ      ###.......   99%         7    #####..
 Tornado                  Air            ######....   100%        9    #######


Dungeon Overview and Level Annotations

Branches:
Dungeon (8/12)             Temple (1/1) D:4
   Lair: D:7-9          Orc: D:8-11

Altars:
Ashenzari
Cheibriados
Dithmenos
Elyvilon
Fedhas
Gozag
Hepliaklqana
Kikubaaqudgha
Lugonu
Makhleb
Nemelex Xobeh
Okawaru
Qazlal
Ru
Sif Muna
Trog
Uskayaw
Vehumet
Wu Jian
Xom
Yredelemnul
Zin
The Shining One

Shops:
D:5 (   D:6 =


Innate Abilities, Weirdness & Mutations

You can fly continuously.


Message History

The air twists around and strikes the elephant!!
The elephant is almost dead.
You feel sick. The worker ant bites you. The elephant tramples you!
* * * LOW HITPOINT WARNING * * *
You stumble backwards!
Casting: Airstrike (safe; 1% risk of failure)
Confirm with . or Enter, or press ? or * to list all spells.
Aiming: Airstrike (safe; 1% risk of failure)
Press: ? - help, Dir - move target cursor, f/p - elephant
Aim: an elephant (almost dead)
The air twists around and strikes the elephant.
The elephant is almost dead.
The worker ant bites you!
* * * LOW HITPOINT WARNING * * *
The elephant tramples you but does no damage.
The elephant misses you.
Okay, then.
* * * LOW HITPOINT WARNING * * *
You feel sick. The worker ant bites you.
You die...

#.......## #..###..#
#.* ##.## #.. #..
##..# #...
#..###..>## #...
#..#.....†## ##..#
#.....###..####..#
....## ##Ya.#..#
..... ..## #...@...#
..).# # #..##...#
....# #..###...#
#.... #..# ##...##
.... ...# #....<###
..# # ...#
##..#....###..##..#
##..
#..####............
#. ##..#
##.=......###
..##...######.....###


You could see an elephant and a worker ant.

Vanquished Creatures
  A two-headed ogre (D:7)
  A vampire mosquito (D:7)
  A hungry ghost (D:6)
  2 ice beasts
  2 sky beasts (D:8)
  An orc warrior (D:4)
  A phantom (D:4)
  3 ogres
  A centaur (D:7)
  3 big kobolds
  2 bullfrogs (D:6)
  Blork the orc (D:5)
  A wyvern skeleton (D:4)
  A scorpion (D:7)
  6 killer bees (D:7)
  3 crimson imps
  5 howler monkeys
  A centaur zombie (D:8)
  3 hounds
  2 jellies
  3 centaur skeletons
  5 orc priests
  A bullfrog skeleton (D:4)
  An iguana (D:8)
  7 orc wizards
  10 worker ants
  A hound zombie (D:3)
  2 hound skeletons
  A howler monkey skeleton (D:3)
  10 adders
  5 river rats (Sewer)
  4 shadow imps
  An ooze (D:4)
  An adder zombie (D:6)
  3 adder skeletons (D:3)
  4 worms
  8 dart slugs
  5 leopard geckos
  17 orcs
  11 giant cockroaches
  8 goblins
  13 hobgoblins
  9 jackals
  29 kobolds
  3 quokkas
  5 ball pythons
  4 bats
  7 frilled lizards
  A jackal skeleton (D:5)
  A quokka skeleton (D:3)
  26 rats
  A withered plant (D:3)
248 creatures vanquished.

Vanquished Creatures (others)
  3 ball lightnings (D:8)
3 creatures vanquished.

Grand Total: 251 creatures vanquished

Notes
Turn   | Place    | Note
-------+----------+-------------------------------------------
     0 | D:1      | Faustar the Avariel Air Elementalist began the quest for
                  | the Orb.
     0 | D:1      | Reached XP level 1. HP: 10/10 MP: 6/6
   101 | D:1      | Reached XP level 2. HP: 15/15 MP: 5/7
   122 | D:1      | Reached skill level 3 in Spellcasting
   479 | D:1      | Reached XP level 3. HP: 20/20 MP: 7/9
   633 | D:2      | Reached skill level 5 in Air Magic
   633 | D:2      | Reached XP level 4. HP: 24/24 MP: 6/11
   700 | D:2      | Found an ancient bone altar of Kikubaaqudgha.
  1154 | D:2      | Reached skill level 4 in Spellcasting
  1158 | D:2      | Reached XP level 5. HP: 24/28 MP: 3/13
  1411 | D:2      | Learned a level 4 spell: Airstrike
  1908 | D:3      | Reached skill level 5 in Spellcasting
  1917 | D:3      | Reached XP level 6. HP: 22/33 MP: 3/15
  2502 | D:3      | Found a faded altar of an unknown god.
  2785 | D:4      | Reached skill level 6 in Spellcasting
  2846 | D:4      | Reached XP level 7. HP: 37/37 MP: 11/18
  2875 | D:4      | Found a staircase to the Ecumenical Temple.
  2888 | Temple   | Entered the Ecumenical Temple
  3003 | Temple   | Became a worshipper of Sif Muna the Loreminder
  3070 | D:4      | Learned a level 5 spell: Lightning Bolt
  3195 | D:4      | Reached * piety under Sif Muna
  3195 | D:4      | Reached skill level 7 in Spellcasting
  3379 | D:4      | Received a gift from Sif Muna
  3379 | D:4      | Reached XP level 8. HP: 42/42 MP: 12/21
  3685 | D:5      | Entered Level 5 of the Dungeon
  3757 | D:5      | Noticed Blork the orc
  3766 | D:5      | Killed Blork the orc
  3766 | D:5      | Reached skill level 8 in Spellcasting
  3875 | D:5      | Found an opulent altar of Gozag.
  4053 | D:5      | Found Galegaor's Antique Weapon Shoppe.
  4125 | D:5      | Found a glowing drain.
  4127 | D:5      | Reached skill level 10 in Air Magic
  4136 | Sewer    | Entered a sewer
  4179 | Sewer    | Reached skill level 9 in Spellcasting
  4233 | Sewer    | Reached ** piety under Sif Muna
  4838 | D:5      | Gained mutation: You can fly continuously. [Avariel growth]
  4838 | D:5      | Reached XP level 9. HP: 30/46 MP: 15/24
  5052 | D:6      | Learned a level 3 spell: Conjure Flame
  5247 | D:6      | Reached *** piety under Sif Muna
  5294 | D:6      | Identified Sif Muna's Disquisition on Dusty Combat Magic
                  | (Sif Muna gifted it to you on level 6 of the Dungeon)
  5294 | D:6      | Received a gift from Sif Muna
  5303 | D:6      | Learned a level 6 spell: Conjure Ball Lightning
  5463 | D:6      | Reached skill level 10 in Spellcasting
  5509 | D:6      | Found Ryehong's Jewellery Shoppe.
  5873 | D:7      | Noticed a two-headed ogre
  5887 | D:7      | Killed a two-headed ogre
  5887 | D:7      | Reached skill level 12 in Spellcasting
  6097 | D:7      | Reached XP level 10. HP: 51/51 MP: 19/28
  6216 | D:7      | Identified Sif Muna's Compendium of the Floating Arsonist
                  | (Sif Muna gifted it to you on level 7 of the Dungeon)
  6216 | D:7      | Received a gift from Sif Muna
  6619 | D:7      | Reached skill level 13 in Spellcasting
  6808 | D:8      | Learned a level 3 spell: Confuse
  6911 | D:8      | Reached skill level 1 in Fighting
  6980 | D:8      | Noticed an elephant
  6996 | D:8      | HP: 2/52 [worker ant (8)]
  6997 | D:8      | Slain by a worker ant

Skill      XL: |  1  2  3  4  5  6  7  8  9 10 |
---------------+-------------------------------+-----
Spellcasting   | 3 4 5 6 7 9 12 13 | 13.4
Conjurations   | 2 3 |  3.0
Air Magic      | 5 6 7 8 10 11 | 11.3
Fighting       | 1 |  1.5
Dodging        | |  2.9
Stealth        | |  2.1
Unarmed Combat | |  0.1

Action                   |  1- 3 |  4- 6 |  7- 9 | 10-12 || total
-------------------------+-------+-------+-------+-------++-------
Melee: Unarmed           |     3 |    14 |     5 |       ||    22
       Staff             |       |       |    14 |     6 ||    20
 Cast: Shock             |    51 |   145 |   232 |    12 ||   440
       Airstrike         |       |    17 |    57 |    30 ||   104
       Lightning Bolt    |       |       |     6 |       ||     6
       Confuse           |       |       |       |     2 ||     2
       Conjure Ball Ligh |       |       |       |     2 ||     2
       Conjure Flame     |       |       |       |     1 ||     1
Invok: Divine Energy     |       |       |     1 |       ||     1
  Use: Scroll            |       |       |     9 |       ||     9
  Eat: Chunk             |       |     9 |    14 |     1 ||    24
       Ration            |       |     1 |     1 |       ||     2
Armor: Robe              |     2 |     6 |    10 |     5 ||    23
Dodge: Dodged            |     9 |    37 |    54 |    14 ||   114
